 Dungeon Crawl Stone Soup version 0.29-a0-721-g7f417c9bbb (webtiles) character file.

Game seed: 7358433525713246478

7357 crusatyr the Severer (level 10, -2/83 HPs)
             Began as a Minotaur Berserker on June 27, 2022.
             Was an Elder of Trog.
             Killed from afar by a gargoyle (6 damage)
             ... with a stone arrow
             ... on level 11 of the Dungeon.
             The game lasted 00:16:31 (12373 turns).

crusatyr the Severer (Minotaur Berserker)          Turns: 12373, Time: 00:16:32

Health: -2/83      AC: 18    Str: 22    XL:     10   Next: 91%
Magic:  9/9        EV:  8    Int:  6    God:    Trog [****..]
Gold:   846        SH:  0    Dex: 18    Spells: 9/9 levels left

rFire   . . .      SeeInvis .   k - +0 battleaxe
rCold   . . .      Faith    .   (shield currently unavailable)
rNeg    . . .      Spirit   .   e - +0 plate armour
rPois   .          Reflect  .   (helmet restricted)
rElec   .          Harm     .   (no cloak)
rCorr   +          Rampage  .   (no gloves)
Will    .....                   c - +2 pair of boots
Stlth   ..........              (no amulet)
HPRegen 0.23/turn               g - +6 ring of dexterity
MPRegen 0.11/turn               r - ring of resist corrosion

@: on berserk cooldown, slowed, very slow
A: horns 2, retaliatory headbutt
a: Renounce Religion, Berserk, Trog's Hand, Brothers in Arms


You were on level 11 of the Dungeon.
You worshipped Trog.
Trog was greatly pleased with you.
You visited 1 branch of the dungeon, and saw 11 of its levels.

You collected 846 gold pieces.

Inventory:

Hand Weapons
 k - a +0 battleaxe (weapon)
 A - a +2 flail of venom
 G - a +1 war axe
Armour
 c - a +2 pair of boots (worn)
 e - a +0 plate armour (worn)
Jewellery
 g - a +6 ring of dexterity (left hand)
 h - a ring of ice
 r - a ring of resist corrosion (right hand)
 B - a ring of positive energy
Wands
 p - a wand of iceblast (8)
 t - a wand of flame (11)
 y - a wand of digging (8)
 D - a wand of paralysis (11)
Scrolls
 a - a scroll of fear
 b - 10 scrolls of teleportation
 s - a scroll of blinking {unknown}
 u - a scroll of noise {unknown}
 w - 6 scrolls of identify
Potions
 d - 4 potions of flight
 f - 5 potions of attraction
 i - 9 potions of curing
 j - 2 potions of mutation {unknown}
 l - 2 potions of heal wounds
 m - a potion of magic
 n - 2 potions of invisibility
 o - 2 potions of brilliance
 q - 2 potions of lignification
 E - a potion of cancellation {unknown}
 F - a potion of haste {unknown}


   Skills:
 + Level 6.1 Fighting
 * Level 15.2 Axes
 + Level 10.7 Armour
 - Level 2.1 Dodging
 - Level 5.0 Evocations


You had 9 spell levels left.
You didn't know any spells.
Your spell library was empty.

Dungeon Overview and Level Annotations

Branches:
Dungeon (11/15)            Temple (0/1) D:7             Orc (0/2) D:10
   Lair: D:8-11

Altars:
Ashenzari
Cheibriados
Makhleb
Okawaru
Wu Jian
Xom
Zin
The Shining One

Shops:
D:8 [

Annotations:
D:8 5 transporters


Innate Abilities, Weirdness & Mutations

You have a pair of horns on your head.
You reflexively headbutt those who attack you in melee.


Message History

You barely miss the boulder beetle. You headbutt the boulder beetle!
The boulder beetle is moderately wounded.
The boulder beetle leaps!
A gargoyle comes into view. It is wielding a +0 flail.
You feel a strong urge to attack something.
You are no longer berserk.
You are exhausted.
You feel yourself slow down.
The boulder beetle curls into a ball and begins rolling!
The boulder beetle hits you!!
The boulder beetle stops rolling and uncurls.
You are too injured to fight recklessly!
You are too injured to fight recklessly!
You are too injured to fight recklessly!
The boulder beetle attacks as you move away!
The boulder beetle bites you.
The gargoyle hurls a stone arrow at you.
The stone arrow hits you but does no damage.
Your ogre goes berserk!
The boulder beetle leaps!
The gargoyle attacks as you move away!
The gargoyle hits you but does no damage.
The gargoyle hits you with a +0 flail! The gargoyle attacks as you move away!
The gargoyle hits you with a +0 flail!
* * * LOW HITPOINT WARNING * * *
Your ogre hits the boulder beetle with a +0 giant spiked club.
The boulder beetle curls into a ball and begins rolling!
The gargoyle hurls a stone arrow at you.
The stone arrow hits you!
* * * LOW HITPOINT WARNING * * *
Your ogre hits the boulder beetle with a +0 giant spiked club!!
The boulder beetle hits your ogre!!
The boulder beetle stops rolling and uncurls.
Your ogre hits the boulder beetle with a +0 giant spiked club!!
The boulder beetle bites your ogre.
Your ogre dies!
Your ogre's corpse disappears in a puff of smoke!
The gargoyle hurls a stone arrow at you.
The stone arrow hits you.
You die...

############
#.........@#########
#........9.§B......########
#..........#######......<..
#..........# ##########
#..........# #..........#
#####+######


You could see a boulder beetle and a gargoyle.

Vanquished Creatures
  2 two-headed ogres
  Maggie (D:9)
  3 trolls
  Sigmund (D:3)
  A wyvern (D:9)
  7 yaks (D:10)
  A shadow (D:10)
  A steam dragon (D:9)
  A warg (D:10)
  2 water moccasins (D:7)
  4 orc warriors
  2 black bears (D:6)
  4 sky beasts
  3 ogres
  A kobold brigand (D:8)
  5 bullfrogs
  A gnoll sergeant (D:7)
  2 necrophages
  9 wights
  7 howler monkeys (D:9)
  4 hounds
  5 orc priests
  A jelly (D:7)
  An iron imp (D:4)
  Ijyb (D:4)
  8 orc wizards
  Robin (D:2)
  11 gnolls
  7 adders
  A white imp (D:7)
  2 worms
  4 dart slugs
  32 orcs
  4 bats
  7 endoplasms
  2 giant cockroaches
  9 goblins
  11 hobgoblins
  3 jackals (D:4)
  3 quokkas
  6 ball pythons
  6 frilled lizards
  11 kobolds
  6 rats
204 creatures vanquished.

Notes
Turn   | Place    | Note
-------+----------+-------------------------------------------
     0 | D:1      | crusatyr the Minotaur Berserker began the quest for the
                  | Orb.
     0 | D:1      | Reached XP level 1. HP: 19/19 MP: 0/0
   274 | D:1      | Reached skill level 4 in Axes
   525 | D:1      | Reached XP level 2. HP: 26/26 MP: 1/1
  1214 | D:2      | Reached XP level 3. HP: 21/31 MP: 2/2
  1398 | D:2      | Reached skill level 5 in Axes
  1665 | D:2      | HP: 1/46 [gnoll/+0 spear (3)]
  1667 | D:2      | Reached ** piety under Trog
  1668 | D:2      | Reached XP level 4. HP: 2/39 MP: 3/3
  1670 | D:2      | HP: 1/58 [gnoll/+0 spear (1)]
  2092 | D:2      | Noticed Robin
  2109 | D:2      | Killed Robin
  2373 | D:2      | Reached skill level 6 in Axes
  2820 | D:3      | Noticed Sigmund
  2910 | D:3      | Killed Sigmund
  2911 | D:3      | Reached skill level 7 in Axes
  2911 | D:3      | Reached XP level 5. HP: 45/45 MP: 4/4
  2911 | D:3      | Reached XP level 6. HP: 51/51 MP: 5/5
  4181 | D:4      | Reached skill level 5 in Armour
  4254 | D:4      | Found a snail-covered altar of Cheibriados.
  4310 | D:4      | Noticed Ijyb
  4318 | D:4      | Killed Ijyb
  4589 | D:4      | Reached skill level 8 in Axes
  4595 | D:4      | Reached *** piety under Trog
  4596 | D:4      | Reached XP level 7. HP: 34/57 MP: 6/6
  5124 | D:5      | Entered Level 5 of the Dungeon
  5780 | D:5      | Found a burning altar of Makhleb.
  5782 | D:5      | Found an ornate altar of the Wu Jian Council.
  5782 | D:5      | Found a shimmering altar of Xom.
  5784 | D:5      | Found a glowing silver altar of Zin.
  5784 | D:5      | Found a shimmering altar of Xom.
  5784 | D:5      | Found an iron altar of Okawaru.
  5855 | D:5      | Reached skill level 9 in Axes
  6003 | D:6      | Reached skill level 1 in Evocations
  6206 | D:6      | Reached XP level 8. HP: 59/64 MP: 7/7
  6300 | D:6      | Reached skill level 10 in Axes
  6905 | D:7      | Noticed a troll
  6914 | D:7      | Killed a troll
  6915 | D:7      | Reached skill level 11 in Axes
  7651 | D:7      | Reached XP level 9. HP: 44/70 MP: 8/8
  7958 | D:7      | Found a burning altar of Makhleb.
  7987 | D:7      | Found a staircase to the Ecumenical Temple.
  8007 | D:7      | Identified the +3 leather armour "Jozoh" {rF+}
  8379 | D:7      | Found a broken altar of Ashenzari.
  8698 | D:8      | Found a transporter.
  8704 | D:8      | Noticed a troll
  8713 | D:8      | Found a transporter.
  8716 | D:8      | Found a transporter.
  8716 | D:8      | Found a transporter.
  8740 | D:8      | Reached skill level 12 in Axes
  8799 | D:8      | Killed a troll
  9152 | D:8      | Reached **** piety under Trog
  9232 | D:8      | Found a transporter.
  9238 | D:8      | Found a transporter.
  9268 | D:8      | Found Wuthozyf's Antique Armour Boutique.
 10204 | D:9      | Noticed a two-headed ogre
 10212 | D:9      | Killed a two-headed ogre
 10213 | D:9      | Reached skill level 13 in Axes
 10213 | D:9      | Reached skill level 5 in Evocations
 10213 | D:9      | Reached XP level 10. HP: 57/77 MP: 9/9
 10567 | D:9      | Noticed Maggie
 10578 | D:9      | Killed Maggie
 10682 | D:9      | Found a glowing golden altar of the Shining One.
 11014 | D:10     | Entered Level 10 of the Dungeon
 11031 | D:10     | Reached skill level 14 in Axes
 11223 | D:10     | Reached skill level 10 in Armour
 11227 | D:10     | Reached skill level 5 in Fighting
 11895 | D:10     | Noticed a two-headed ogre
 11906 | D:10     | Killed a two-headed ogre
 11907 | D:10     | Reached skill level 15 in Axes
 11917 | D:10     | Found a staircase to the Orcish Mines.
 12360 | D:11     | Noticed a boulder beetle
 12366 | D:11     | Noticed a gargoyle
 12372 | D:11     | HP: 4/83 [gargoyle/stone arrow (11)]
 12373 | D:11     | Killed from afar by a gargoyle

Illustrated notes

Levels and vault maps discovered:
D:1:      dpeg_arrival_solitude, layout_basic
D:2:      layout_basic, minivault_5, minmay_misc_feat_cross, uniq_robin
D:3:      layout_basic, uniq_sigmund
D:4:      layout_gridville, slow_altar_2, uniq_ijyb
D:5:      layout_basic, doesnt_xom_only_xom, cheibrodos_gnoll_hut
D:6:      layout_loops_ring, nicolae_figureground_pulse
D:7:      layout_loops_ring, lemuel_coloured_pillars_altar, bloody_makhleb,
          minmay_temple_entry_water_ring, st_stairs_14
D:8:      layout_basic, serial_shops, nicolae_lakefront_shop,
          serial_nicolae_subway, nicolae_sub_station_metal,
          nicolae_sub_station_crystal, nicolae_sub_station_stone
D:9:      layout_loops_cross, mainiacjoe_overflow_tiny_flanked, uniq_maggie
D:10:     layout_long_grid, david_orc_3
D:11:     layout_roguey, minmay_lair_entry_grove, nicolae_trove_entry_crystal,
          kennysheep_nub, uniq_grum, uniq_nergalle, uniq_maurice

Skill      XL: |  1  2  3  4  5  6  7  8  9 10 |
---------------+-------------------------------+-----
Axes           | 4 5 7 8 9 11 13 15 | 15.2
Armour         | 3 4 5 6 7 9 10 | 10.7
Evocations     | 1 3 5 |  5.0
Fighting       | 6 |  6.1
Dodging        | |  2.1

Action                   |  1- 3 |  4- 6 |  7- 9 | 10-12 || total
-------------------------+-------+-------+-------+-------++-------
Melee: Hand axe          |    80 |   155 |   293 |       ||   528
       Headbutt          |    10 |    21 |    68 |    22 ||   121
       Punch             |       |     3 |     3 |       ||     6
       War axe           |       |       |    21 |    15 ||    36
       Battleaxe         |       |       |       |    78 ||    78
Invok: Berserk           |     1 |     2 |     7 |     5 ||    15
       Brothers in Arms  |       |       |       |     1 ||     1
  Use: Scroll            |       |       |    17 |       ||    17
Armor: Animal skin       |     4 |       |       |       ||     4
       Plate armour      |    40 |    90 |   147 |    42 ||   319
Dodge: Dodged            |    33 |    61 |   110 |    38 ||   242

Table legend: (Time is in decaauts)
 A = Elapsed time spent in this place.
 B = Non-inter-level travel time spent in this place.
 C = Inter-level travel time spent in this place.
 D = Time resting spent in this place.
 E = Time spent auto-exploring this place.
 F = Levels seen in this place.
 G = Mean time per level.
                   A        B        C        D        E       F      G
               +--------+--------+--------+--------+--------+-----+--------+
         Total |  12412 |  12042 |    370 |   2051 |   8446 |  11 | 1128.4 |
       Dungeon |  12412 |  12042 |    370 |   2051 |   8446 |  11 | 1128.4 |
               +--------+--------+--------+--------+--------+-----+--------+

Top non-repeatable levels by time:
     D:7: 1692 daAuts
     D:2: 1645 daAuts
     D:8: 1402 daAuts
    D:10: 1357 daAuts
     D:4: 1297 daAuts
     D:3: 1147 daAuts
     D:9: 1057 daAuts
     D:1: 1053 daAuts
     D:6: 882 daAuts
     D:5: 849 daAuts
    D:11: 27 daAuts
